 Dungeon Crawl Stone Soup version 0.22-a0-443-g17c3723 (webtiles) character file.

100 Gorglomux the Chopper (level 4, -1/28 HPs)
             Began as a Gargoyle Fighter on June 1, 2018.
             Slain by a scorpion (6 damage)
             ... on level 3 of the Dungeon.
             The game lasted 00:00:39 (1115 turns).

Gorglomux the Chopper (Gargoyle Fighter)            Turns: 1115, Time: 00:00:40

Health: -1/28      AC: 11    Str: 21    XL:     4   Next: 74%
Magic:  4/4        EV:  7    Int:  8    God:
Gold:   42         SH:  9    Dex:  9    Spells: 3/3 levels left

rFire    . . .     SeeInvis .   a - +0 war axe
rCold    . . .     Gourm    .   c - +0 shield
rNeg     + . .     Faith    .   b - +0 scale mail
rPois    ∞         Spirit   .   (no helmet)
rElec    +         Reflect  .   (no cloak)
rCorr    .         Harm     .   k - +0 pair of gloves
MR       .....     Rnd*Tele +   (no boots)
Stlth    ..........             (no amulet)
HPRegen  0.09/turn              t - ring of teleportation (curse)
MPRegen  0.09/turn              (no ring)

@: no status effects
A: negative energy resistance 1, electricity resistance, unbreathing,
petrification resistance, rot immunity, AC +3
a: no special abilities


You were on level 3 of the Dungeon.
You were not hungry.

You visited 1 branch of the dungeon, and saw 3 of its levels.

You collected 42 gold pieces.

Inventory:

Hand Weapons
 a - a +0 war axe (weapon)
Armour
 b - a +0 scale mail (worn)
 c - a +0 shield (worn)
 k - a +0 pair of gloves (worn)
Jewellery
 t - a cursed ring of teleportation (left hand)
Scrolls
 g - a scroll of identify {unknown}
 l - 2 scrolls of amnesia {unknown}
 o - a scroll of remove curse {unknown}
 r - a scroll of immolation {unknown}
 u - a scroll of fog {unknown}
Potions
 d - a potion of might
 h - a potion of invisibility {unknown}
 i - a potion of cancellation {unknown}
 m - a potion of curing {unknown}
 p - a potion of agility {unknown}
 s - a potion of heal wounds {unknown}
Comestibles
 f - 2 rations
 q - 2 chunks of flesh


   Skills:
 - Level 3.2 Fighting
 + Level 4.3 Axes
 - Level 3.2 Armour
 - Level 3.2 Shields


You had 3 spell levels left.
You didn't know any spells.
Your spell library was empty.

Dungeon Overview and Level Annotations

Branches:
Dungeon (3/15)

Altars:


Innate Abilities, Weirdness & Mutations

You are resistant to torment.
Your stone body is resilient. (AC +3)
You are immune to poison.
You resist negative energy. (rN+)
You are resistant to electric shocks. (rElec)
You can survive without breathing.
You are immune to petrification.
You are immune to rotting.


Message History

The scorpion is heavily wounded!
The adder hisses angrily!
You butt the worker ant zombie into ribbons!
Butt block the worker ant zombie's attack!
The scorpion stings you! * * * don't die
* * * The worker ant zombie barely misses you!
Your shield and scale butt prevent you butt hitting the scorpion!
The scorpion is heavily wounded!
You carve the worker ant zombie like a ham!
You block the scorpion'butts butt!
You block the worker ant zombie's attack!
You block the scorpion's attack!
Unknown command!
You closely miss the scorpion!
The scorpion is heavily wounded!
You carve the worker ant zombie like a ham!
The worker ant zombie barely misses you!
The scorpion stings you! rip

.# . .# ..
########.####
...#.....#.....##
.#..............#
.................
#....?.†.?..........#
....)...s)........#.#
#......)Z@..........#
#.......$..S.......#
#.#................#
# ##...............##
.....$.........$...
.# ..#....#.....$...#
..
#.................r.
..
.................##
.. ..#..........#


You could see a scorpion, an adder and a worker ant zombie.

Vanquished Creatures
  A howler monkey (D:2)
  3 adders
  A dart slug (D:1)
  2 leopard geckos
  An orc (D:3)
  4 bats
  A giant cockroach (D:1)
  7 goblins
  2 hobgoblins
  4 kobolds
  5 frilled lizards
  3 rats
34 creatures vanquished.

Notes
Turn   | Place    | Note
-------+----------+-------------------------------------------
     0 | D:1      | Gorglomux the Gargoyle Fighter began the quest for the Orb.
     0 | D:1      | Reached XP level 1. HP: 14/14 MP: 1/1
   161 | D:1      | Reached skill level 2 in Axes
   397 | D:1      | Reached XP level 2. HP: 19/19 MP: 2/2
   964 | D:2      | Reached skill level 3 in Axes
   964 | D:2      | Reached XP level 3. HP: 23/23 MP: 3/3
  1045 | D:2      | Reached XP level 4. HP: 28/28 MP: 4/4
  1079 | D:3      | Reached skill level 4 in Axes
  1115 | D:3      | Slain by a scorpion

Vault maps used:
D:1:      matt_arrival_refuge
D:2:      hangedman_abyss_or_decor_stabs

Skill      XL: |  1  2  3  4 |
---------------+-------------+-----
Axes           | 2 3 4 |  4.3
Fighting       | |  3.2
Armour         | |  3.2
Shields        | |  3.2

Action                   |  1- 3 |  4- 6 || total
-------------------------+-------+-------++-------
Melee: War axe           |    92 |    34 ||   126
  Eat: Chunk             |     1 |       ||     1
Armor: Scale mail        |    62 |    27 ||    89
Dodge: Dodged            |    53 |    31 ||    84
Block: Shield            |    65 |    32 ||    97

Table legend:
 A = Spawn XP
 B = Non-spawn XP
 C = Spawn XP percentage of total XP
 D = Spawn monster count
 E = Non-spawn monster count
 F = Spawn count percentage of total count
 G = Total turns spent on level
                    A         B        C        D         E        F      G
               +---------+---------+-------+---------+---------+-------+---------
         Total |       0 |     144 |   0.0 |       0 |      34 |   0.0 |  1115
               +---------+---------+-------+---------+---------+-------+---------
           D:1 |       0 |      22 |   0.0 |       0 |      11 |   0.0 |   759
           D:2 |       0 |      72 |   0.0 |       0 |       7 |   0.0 |   292
           D:3 |       0 |      50 |   0.0 |       0 |      16 |   0.0 |    64
               +---------+---------+-------+---------+---------+-------+---------
